 Dungeon Crawl Stone Soup version 0.30.1-3-gfc49f6343a (webtiles) character file.

Game seed: 6682076103615407432

671 Destapler the Ducker (level 7, -5/84 HPs)
             Began as a Merfolk Berserker on July 22, 2023.
             Was a Believer of Trog.
             Engulfed by a cloud of steam (10 damage)
             ... on level 5 of the Dungeon.
             The game lasted 00:13:49 (4187 turns).

Destapler the Ducker (Merfolk Berserker)            Turns: 4187, Time: 00:13:49

Health: -5/84      AC: 27    Str: 17    XL:     7   Next: 58%
Magic:  7/7        EV:  2    Int:  6    God:    Trog [**....]
Gold:   167        SH:  6    Dex: 22    Spells: 6/6 levels left

rFire   . . .        a - +0 spear
rCold   . . .        r - +0 buckler
rNeg    . . .        q - melded +0 ring mail
rPois   +            (helmet currently unavailable)
rElec   .            u - melded +0 cloak
rCorr   .            (gloves currently unavailable)
SInv    .            g - melded +0 pair of boots
Will    .....        (no amulet)
Stlth   +++          x - +6 ring of dexterity
HPRegen 0.34/turn    t - +4 ring of protection
MPRegen 0.10/turn

%: no passive effects
@: mighty, tree-form, on berserk cooldown, slowed, studying Conjurations, very
slow
A: stationary, stasis, torment immunity, boosted hp, (nimble swimmer 2),
(mertail)
a: Renounce Religion, Berserk, Trog's Hand


You were on level 5 of the Dungeon.
You worshipped Trog.
Trog was pleased with you.
You were a tree.
You visited 1 branch of the dungeon, and saw 5 of its levels.

You collected 209 gold pieces.
You spent 42 gold pieces at shops.

Inventory:

Hand Weapons
 a - a +0 spear (weapon)
 o - a +2 short sword of venom
Missiles
 z - 5 javelins (quivered)
Armour
 g - a +0 pair of boots (melded)
 p - a +0 scale mail
 q - a +0 ring mail (melded)
 r - a +0 buckler (worn)
 u - a +0 cloak (melded)
Jewellery
 d - a ring of flight
 t - a +4 ring of protection (right branch)
 v - a ring of fire
 x - a +6 ring of dexterity (left branch)
Scrolls
 b - a scroll of immolation {unknown}
 c - 3 scrolls of enchant armour {unknown}
 h - 4 scrolls of teleportation {unknown}
 l - a scroll of noise {unknown}
 m - 2 scrolls of identify
 y - a scroll of vulnerability {unknown}
Potions
 e - a potion of magic {unknown}
 f - 2 potions of haste
 i - a potion of ambrosia {unknown}
 j - 3 potions of curing
 k - a potion of might
 s - a potion of lignification
 w - 2 potions of attraction {unknown}


   Skills:
 + Level 5.2 Fighting
 + Level 5.3 Polearms
 + Level 1.6 Throwing
 + Level 2.1 Armour
 + Level 5.3 Dodging
 + Level 3.3 Stealth
 + Level 3.2 Shields


You had 6 spell levels left.
You didn't know any spells.
Your spell library was empty.

Dungeon Overview and Level Annotations

Branches:
Dungeon (5/15)
 Temple: D:4-7

Altars:

Shops:
D:3 (   D:5 !


Innate Abilities, Weirdness & Mutations

You are a tree.
Your roots penetrate the ground, keeping you stationary.
You cannot be teleported.
You are immune to unholy pain and torment.
Your maximum health is greatly increased.
Your equipment is partially melded.
((You are very nimble when in or above water. (Stealth+, EV+, Speed+++)))
((Your lower body shifts to a powerful aquatic tail in water.))


Message History

You are engulfed in a cloud of scalding steam.
* * * LOW HITPOINT WARNING * * *
The steam dragon bites you but does no damage.
You block the steam dragon's attack.
The steam dragon bites you but does no damage.
The steam dragon claws you but does no damage.
You feel very mighty all of a sudden.
You are engulfed in a cloud of scalding steam.
The steam dragon bites you but does no damage.
The steam dragon claws you but does no damage.
You puncture the steam dragon!
The steam dragon is severely wounded.
You block the steam dragon's attack.
The steam dragon claws you but does no damage.
The steam dragon completely misses you.
The steam dragon claws you but does no damage.
You hit the steam dragon.
The steam dragon is severely wounded.
The steam dragon breathes steam at you. The ball of steam hits you!
* * * LOW HITPOINT WARNING * * *
You hit the steam dragon.
The steam dragon is almost dead.
You are engulfed in a cloud of scalding steam.
* * * LOW HITPOINT WARNING * * *
The steam dragon bites you but does no damage.
The steam dragon claws you.
* * * LOW HITPOINT WARNING * * *
You puncture the steam dragon!
You kill the steam dragon!
Trog accepts your kill.
The steam dragon scales are intact enough to wear.
You are engulfed in a cloud of scalding steam.
Unknown command.
Unknown command.
You're standing in a cloud of steam!
You're standing in a cloud of steam!
You cannot move.
You are engulfed in a cloud of scalding steam.
You die...

##.#.#..##
...##........#
#.##.†###....#
#.#...#∩#....#
#5#...##'....#
#.#..........#
#.#..).......#
#########.#..........#
.......♣.)#.........##
####...[.))..........#
.....######..........#
.... #.........># ###
#..........#
.............#
####........##
##......## ########


There were no monsters in sight!

Vanquished Creatures
  A steam dragon (D:5)
  An ice beast (D:3)
  An ogre (D:4)
  A bullfrog (D:4)
  A howler monkey (D:4)
  Jessica (D:3)
  An iguana (D:5)
  Terence (D:3)
  4 gnolls (D:5)
  4 adders
  A shadow imp (D:4)
  4 worms
  5 dart slugs
  3 orcs
  5 endoplasms
  3 giant cockroaches
  8 goblins
  7 hobgoblins
  7 jackals
  A quokka (D:1)
  7 ball pythons
  3 bats
  3 frilled lizards
  6 kobolds
  6 rats
85 creatures vanquished.

Vanquished Creatures (others)
  A white imp (D:5)
1 creature vanquished.

Grand Total: 86 creatures vanquished

Notes
Turn   | Place    | Note
-------+----------+-------------------------------------------
     0 | D:1      | Destapler the Merfolk Berserker began the quest for the
                  | Orb.
     0 | D:1      | Reached XP level 1. HP: 18/18 MP: 1/1
   185 | D:1      | Reached XP level 2. HP: 24/24 MP: 2/2
   388 | D:1      | Reached skill level 1 in Stealth
   823 | D:2      | Reached XP level 3. HP: 29/29 MP: 3/3
  1505 | D:2      | Reached ** piety under Trog
  1680 | D:2      | Reached XP level 4. HP: 37/37 MP: 4/4
  2032 | D:3      | Found Qanogh's Antique Weapon Boutique.
  2049 | D:3      | Noticed Terence
  2057 | D:3      | Killed Terence
  2305 | D:3      | Noticed Jessica
  2339 | D:3      | Killed Jessica
  2340 | D:3      | Reached XP level 5. HP: 21/42 MP: 5/5
  2562 | D:3      | Noticed an ice beast
  2597 | D:3      | Killed an ice beast
  2598 | D:3      | Reached skill level 5 in Polearms
  2598 | D:3      | Reached skill level 1 in Shields
  2829 | D:3      | Reached XP level 6. HP: 48/48 MP: 6/6
  3397 | D:4      | Reached skill level 5 in Dodging
  3815 | D:4      | Reached skill level 5 in Fighting
  3815 | D:4      | Reached XP level 7. HP: 51/56 MP: 7/7
  4050 | D:5      | Entered Level 5 of the Dungeon
  4051 | D:5      | Found Daoluxim's Distillery.
  4054 | D:5      | Reached skill level 1 in Throwing
  4097 | D:5      | Bought a potion of curing for 42 gold pieces
  4150 | D:5      | Noticed a steam dragon
  4186 | D:5      | Killed a steam dragon
  4187 | D:5      | Engulfed by a cloud of steam

Illustrated notes

Levels and vault maps discovered:
D:1:      dpeg_arrival_arbitrary_a, layout_loops_ring
D:2:      layout_loops_corners
D:3:      layout_basic, serial_shops, shop, kennysheep_generic_room_11,
          uniq_jessica, uniq_terence
D:4:      layout_basic, minmay_manual_monolith
D:5:      minmay_razor_zed, layout_rooms,
          mainiacjoe_overflow_concentric_impassable, serial_shops,
          nicolae_shop_tiny_glass

Skill      XL: |  1  2  3  4  5  6  7 |
---------------+----------------------+-----
Dodging        | 3 4 5 |  5.3
Stealth        | 1 2 3 |  3.3
Armour         | 2 |  2.1
Fighting       | 4 5 |  5.2
Polearms       | 5 |  5.3
Shields        | 1 3 |  3.2
Throwing       | 1 |  1.6

Action                     |  1- 3 |  4- 6 |  7- 9 || total
---------------------------+-------+-------+-------++-------
  Melee: Spear             |   118 |   162 |    49 ||   329
         Punch             |     2 |     1 |       ||     3
 Invoke: Berserk           |     5 |     4 |     2 ||    11
    Use: Potion            |       |       |     4 ||     4
         Scroll            |       |       |     3 ||     3
   Stab: Sleeping          |     5 |     6 |     1 ||    12
 Armour: Animal skin       |    17 |       |       ||    17
         Ring mail         |       |    27 |    11 ||    38
         Skin              |       |       |    34 ||    34
  Dodge: Dodged            |    57 |    46 |    14 ||   117
  Block: Buckler           |       |    13 |    22 ||    35
